 Dungeon Crawl Stone Soup version 0.27.1-2-g3b301248ec (webtiles) character file.

Game seed: 2280626809684064984

52 Kinoniko the Cudgeller (level 3, -2/29 HPs)
             Began as a Demonspawn Berserker on Oct 1, 2021.
             Was a Follower of Trog.
             Slain by a gnoll (6 damage)
             ... on level 2 of the Dungeon.
             The game lasted 00:00:46 (1076 turns).

Kinoniko the Cudgeller (Demonspawn Berserker)       Turns: 1076, Time: 00:00:47

Health: -2/29      AC:  4    Str: 18    XL:     3   Next: 60%
Magic:  3/3        EV: 12    Int:  8    God:    Trog [*.....]
Gold:   9          SH:  0    Dex: 12    Spells: 2/2 levels left

rFire    . . .     SeeInvis .   a - +0 mace
rCold    . . .     Faith    .   (no shield)
rNeg     . . .     Spirit   .   b - +0 animal skin
rPois    .         Reflect  .   (no helmet)
rElec    .         Harm     .   (no cloak)
rCorr    .         Rampage  .   (no gloves)
Will     .....                  (no boots)
Stlth    +.........             (no amulet)
HPRegen  0.09/turn              (no ring)
MPRegen  0.08/turn              (no ring)

@: on berserk cooldown, slowed, very slow
A: thin metallic scales 1, foul stench 1
a: Renounce Religion, Berserk


You were on level 2 of the Dungeon.
You worshipped Trog.
Trog was aware of your devotion.
You visited 1 branch of the dungeon, and saw 2 of its levels.

You collected 9 gold pieces.

Inventory:

Hand Weapons
 a - a +0 mace (weapon)
Missiles
 i - 6 silver javelins (quivered)
Armour
 b - a +0 animal skin (worn)
Scrolls
 e - a scroll of vulnerability {unknown}
 f - a scroll of identify {unknown}
 g - 3 scrolls of enchant weapon {unknown}
Potions
 c - a potion of flight {unknown}
 d - a potion of lignification {unknown}
 h - 2 potions of heal wounds {unknown}


   Skills:
 - Level 3.0 Fighting
 * Level 4.2 Maces & Flails
 - Level 1.7 Armour
 - Level 1.7 Dodging


You had 2 spell levels left.
You didn't know any spells.
Your spell library was empty.

Dungeon Overview and Level Annotations

Branches:
Dungeon (2/15)

Altars:


Innate Abilities, Weirdness & Mutations

You are partially covered in thin metallic scales. (AC +2)
You may rarely emit foul miasma when damaged in melee.


Message History

The gnoll closely misses you. The gnoll completely misses you.
You barely miss the gnoll.
The gnoll is severely wounded.
You sock the gnoll!
You kill the gnoll!
Trog accepts your kill.
The gnoll hits you from afar with a +0 spear.
The gnoll misses you.
Your Maces & Flails skill increases to level 4!
You sock the gnoll!
You kill the gnoll!
Trog accepts your kill.
The gnoll hits you from afar with a +0 spear.
You barely miss the gnoll.
The gnoll hits you from afar with a +0 spear.
The gnoll closely misses you.
You are too injured to fight recklessly!
You are too injured to fight recklessly!
You are too injured to fight recklessly!
You are too injured to fight recklessly!
You are too injured to fight recklessly!
You are too injured to fight recklessly!
You are too injured to fight recklessly!
You are too injured to fight recklessly!
Unknown command.
You are too injured to fight recklessly!
You are too injured to fight recklessly!
You hit the gnoll.
The gnoll is heavily wounded.
The gnoll hits you from afar with a +0 spear.
The gnoll hits you with a +0 flail.
* * * LOW HITPOINT WARNING * * *
You closely miss the gnoll.
The gnoll is moderately wounded.
You are no longer berserk.
You are exhausted.
You feel yourself slow down. The giant cockroach bites you.
* * * LOW HITPOINT WARNING * * *
The gnoll hits you from afar with a +0 spear.
You die...

###...# ##..### #.#
..#^..
#....#####.#...#.. .
#................# ..
.....###.#.##.(##...#...
####.##.............>...
##....)...##..r.g.....
.........### #gB...#
.###...#..#####@#
#..###........## #.#
##...##...# ...
###....#....# ...
###.......# ..
#(....#... ....#....#
..##......# .# ..#...


You could see 2 gnolls, a quokka and a giant cockroach.

Vanquished Creatures
  2 gnolls (D:2)
  A dart slug (D:1)
  An orc (D:2)
  2 ball pythons (D:1)
  2 bats (D:1)
  2 endoplasms (D:1)
  4 giant cockroaches
  5 hobgoblins (D:1)
  3 kobolds (D:1)
  A quokka (D:1)
  3 frilled lizards (D:1)
  A rat (D:1)
27 creatures vanquished.

Notes
Turn   | Place    | Note
-------+----------+-------------------------------------------
     0 | D:1      | Kinoniko the Demonspawn Berserker began the quest for the
                  | Orb.
     0 | D:1      | Reached XP level 1. HP: 18/18 MP: 1/1
    79 | D:1      | Reached skill level 3 in Maces & Flails
   334 | D:1      | Gained mutation: You may rarely emit foul miasma when
                  | damaged in melee. [demonic ancestry]
   334 | D:1      | Reached XP level 2. HP: 24/24 MP: 2/2
   909 | D:1      | Gained mutation: You are partially covered in thin metallic
                  | scales. (AC +2) [demonic ancestry]
   909 | D:1      | Reached XP level 3. HP: 28/29 MP: 3/3
  1073 | D:2      | Reached skill level 4 in Maces & Flails
  1076 | D:2      | Slain by a gnoll

Illustrated notes

Levels and vault maps discovered:
D:1:      lightli_arrival_maybe_door_vault, layout_basic, serial_bayou_pond_e,
          minmay_surrounded
D:2:      layout_rooms, basic_ecumenical_altar

Skill      XL: |  1  2  3 |
---------------+----------+-----
Maces & Flails | 3 4 |  4.2
Fighting       | |  3.0
Armour         | |  1.7
Dodging        | |  1.7

Action                   || total
-------------------------++-------
Melee: Mace              ||    69
Invok: Berserk           ||     2
 Stab: Sleeping          ||     3
Armor: Animal skin       ||    14
Dodge: Dodged            ||    52
